AoeStats
← HoundDog914030

Arena

505103024Analyzed
2v2 RM · 26d ago on Sep 7, 2026· 41m 4s· 4 players
Game mode
Random Map
Map size
Medium (4 player)
Population
200
Speed
Normal
Resources
Standard
Victory
Conquest
Starting age
Dark Age
Ending age
Imperial Age
RankedLock teamsTeams togetherTeam positionsShared explorationLock speedFull tech treeHidden civsTurbo modeCheats
Victory
Defeat
🇺🇸 Wei · United States
973
+10
🇺🇸 Italians · United States
884
+14
🇬🇧 Wei · United Kingdom
833
-12
🇬🇧 Bohemians · United Kingdom
831
-12
HoundDog914030
12:58 Feudal Age
16:24 Double-Bit Axe
18:57 Castle Age
17:32 Double-Bit Axe
21:36 Horse Collar
22:10 Loom
23:11 Heavy Plow
23:37 Bow Saw
24:26 Stone Mining
26:11 Wheelbarrow
26:43 Gold Mining
30:35 Elite Skirmisher
31:38 Padded Archer Armor
31:29 Fletching
35:36 Imperial Age
33:59 Light Cavalry
34:40 Husbandry
34:51 Bloodlines
35:46 Leather Archer Armor
35:30 Bodkin Arrow
37:10 Ring Archer Armor
37:19 Bracer
39:10 Ballistics
39:02 Heavy Hei Guang Cavalry
BattingBaton14
11:35 Feudal Age
13:42 Loom
17:08 Castle Age
15:34 Double-Bit Axe
15:43 Horse Collar
18:55 Wheelbarrow
22:05 Bow Saw
24:27 Heavy Plow
26:34 Hand Cart
29:14 Chemistry
28:35 Ballistics
28:11 Pikeman
33:04 Imperial Age
31:23 Forging
31:14 Scale Mail Armor
32:18 Squires
33:08 Houfnice
34:43 Iron Casting
34:23 Chain Mail Armor
34:14 Scale Barding Armor
33:59 Fletching
34:10 Padded Archer Armor
34:13 Elite Skirmisher
41:13 Devotion
41:38 Illumination
Skipperdoo
10:08 Feudal Age
11:54 Double-Bit Axe
11:51 Horse Collar
16:20 Castle Age
17:42 Bow Saw
17:34 Heavy Plow
18:12 Wheelbarrow
17:54 Fletching
18:21 Gold Mining
20:34 Stone Mining
22:37 Bodkin Arrow
22:42 Padded Archer Armor
24:28 Hand Cart
24:03 Loom
25:15 Gold Shaft Mining
25:20 Stone Shaft Mining
29:05 Imperial Age
27:43 Ballistics
27:06 Treadmill Crane
28:18 Leather Archer Armor
28:43 Ballistics
29:06 Thumb Ring
30:34 Conscription
30:44 Parthian Tactics
30:30 Bracer
31:00 Ring Archer Armor
32:51 Chemistry
33:29 Husbandry
33:39 Bloodlines
34:25 Ming Guang Armor
34:10 Tuntian
36:41 Light Cavalry
38:01 Hussar
40:03 Scale Barding Armor
40:09 Forging
Puff_Sullivan
10:43 Feudal Age
14:30 Castle Age
12:25 Horse Collar
12:59 Double-Bit Axe
27:12 Imperial Age
26:24 Wheelbarrow
25:41 Loom
26:00 Heavy Plow
26:13 Bow Saw
25:57 Gold Mining
30:27 Squires
30:13 Arson
30:31 Scale Mail Armor
37:15 Chemistry
36:37 Ballistics
35:58 Treadmill Crane
36:15 Murder Holes
40:43 Conscription
Connection lost

Rejoining the realm…

Still unreachable

The connection could not be restored.

Session expired

The server has moved on; the page needs a fresh start.